Map: Sanctuary III LE

Players

Railgan - Winner!

  • Race: Zerg Zerg
  • League: Grandmaster

IIIIIIIIIIII

  • Race: Terran Terran
  • League: Master

VOD

https://youtu.be/i5kmt6y4Wz8

Description

Time

  • Played on: June 28, 2026, 4:18 p.m.
  • Length: 10:13
Show
View Real Time Build Order
Export as new Build Order

Railgan Zerg - Winner!

Build Orders: Pool First 

Get SALT Encoding   

  8  0:01  Drone  
  9  0:10  Drone  
  10  0:17  Drone  
  11  0:22  Drone  
  12  0:33  Overlord  
  12  0:38  Extractor  
  12  0:40  Drone  
  13  0:51  Drone x2  
  15  1:06  Spawning Pool  
  15  1:08  Drone  
  15  1:12  Drone  
  15  1:18  Drone  
  17  1:27  Drone  
  18  1:40  Hatchery  
  18  1:42  Extractor  
  16  1:48  Drone x2  
  18  2:02  Roach Warren  
  18  2:03  Zergling x2  
  18  2:12  Queen  
  20  2:18  Overlord  
  20  2:27  Extractor, Drone  
  21  2:42  Roach x2  
  25  2:48  Drone  
  25  2:49  Extractor  
  26  2:53  Roach  
  26  2:58  Queen  
  28  3:04  Drone  
  28  3:05  Drone  
  32  3:13  Overlord  
  32  3:20  Drone  
  32  3:27  Lair  
  32  3:32  Drone x2  
  32  3:33  Drone  
  35  3:36  Drone  
  35  3:41  Drone  
  37  3:45  Drone x2  
  37  3:59  Drone  
  37  4:00  Drone x4  
  40  4:06  Overlord  
  40  4:16  Extractor  
  39  4:17  Extractor x2  
  39  4:19  Roach x2  
  39  4:22  Overlord, Drone  
  39  4:24  Drone x2  
  42  4:28  Drone  
  43  4:32  Spire  
  43  4:33  Drone  
  43  4:34  Drone  
  44  4:39  Drone x2  
  44  4:40  Drone  
  44  4:42  Drone  
  48  4:46  Drone x2  
  48  4:48  Drone  
  51  4:56  Glial Reconstitution  
  51  4:57  Overlord  
  51  4:59  Queen  
  53  5:02  Drone  
  53  5:03  Overseer  
  54  5:12  Roach  
  56  5:17  Overlord  
  56  5:35  Overlord  
  56  5:40  Hatchery  
  55  5:55  Mutalisk x4  
  63  6:02  Overlord  
  63  6:05  Mutalisk, Evolution Chamber  
  63  6:08  Evolution Chamber  
  63  6:11  Overlord  
  63  6:12  Drone  
  63  6:16  Overlord  
  64  6:21  Mutalisk x3  
  64  6:22  Mutalisk  
  72  6:32  Drone x4  
  76  6:34  Drone  
  76  6:36  Zerg Ground Armor Level 1, Drone  
  76  6:37  Drone  
  79  6:41  Roach x3  
  79  6:42  Roach  
  87  6:52  Roach  
  87  6:54  Roach  
  83  6:57  Roach  
  80  7:09  Drone x6  
  80  7:13  Drone x2  
  86  7:20  Drone  
  86  7:21  Zerg Missile Weapons Level 1  
  88  7:22  Drone  
  88  7:23  Drone  
  88  7:29  Queen  
  89  7:32  Overlord  
  85  7:53  Drone  
  85  7:54  Drone x11  
  93  8:11  Drone x4  
  95  8:13  Ravager  
  95  8:14  Ravager  
  95  8:16  Overlord, Mutalisk  
  99  8:20  Drone  
  99  8:22  Extractor  
  99  8:23  Extractor  
  96  8:28  Overlord  
  96  8:32  Overlord  
  96  8:33  Overlord x2  
  96  8:34  Hatchery  
  96  8:41  Roach x5  
  97  8:49  Roach x3  
  97  8:52  Roach  
  97  8:55  Roach x7  
  109  9:03  Drone  
  109  9:04  Drone  
  109  9:07  Roach x3  
  109  9:09  Drone  
  118  9:14  Overlord  
  118  9:15  Roach  
  118  9:16  Ravager x7  
  118  9:17  Ravager  
  128  9:18  Roach  
  130  9:28  Pneumatized Carapace  
  130  9:29  Overlord x2  
  130  9:30  Overlord  
  130  9:32  Infestation Pit  
  130  9:33  Roach  
  131  9:42  Drone  
  131  9:43  Drone x2  
  134  9:51  Extractor  
  134  9:52  Drone x3  
  138  9:53  Extractor, Drone x3  
Show
View Real Time Build Order
Export as new Build Order

IIIIIIIIIIII Terran 

Build Orders: Reaper Expand 

Get SALT Encoding   

  8  0:00  SCV  
  9  0:12  SCV  
  10  0:24  SCV  
  10  0:28  Supply Depot  
  11  0:36  SCV  
  12  0:48  SCV  
  13  0:54  Barracks  
  13  1:01  Refinery  
  13  1:06  SCV  
  14  1:18  SCV  
  15  1:30  SCV  
  16  1:45  Reaper  
  18  1:48  Orbital Command  
  17  2:10  Command Center  
  17  2:14  SCV  
  18  2:18  Barracks Reactor  
  18  2:24  Supply Depot  
  18  2:27  SCV  
  19  2:40  SCV  
  20  2:52  SCV, Factory  
  20  2:55  Marine x2  
  23  3:04  SCV  
  23  3:13  Marine x2  
  23  3:16  SCV  
  26  3:28  SCV, Bunker  
  26  3:31  Marine x2  
  29  3:37  Factory Tech Lab  
  29  3:39  Starport  
  29  3:40  SCV  
  29  3:41  Orbital Command  
  30  3:52  SCV  
  29  3:56  Marine x2  
  28  4:04  Refinery, SCV  
  28  4:08  Cyclone  
  32  4:15  SCV  
  32  4:16  SCV  
  34  4:20  Marine x2  
  36  4:29  Supply Depot  
  36  4:32  SCV  
  36  4:36  Medivac  
  36  4:38  SCV  
  40  4:43  Supply Depot  
  40  4:45  SCV  
  41  4:50  SCV  
  42  4:57  SCV  
  42  4:58  Marine  
  42  4:59  Hellion x2  
  48  5:06  Liberator, Supply Depot, SCV  
  52  5:11  SCV  
  53  5:16  Marine  
  53  5:19  SCV  
  55  5:23  Hellion, Stimpack  
  55  5:24  SCV  
  60  5:28  Hellion  
  60  5:32  Supply Depot, SCV  
  60  5:37  Marine  
  60  5:38  SCV  
  62  5:44  Armory  
  62  5:45  Hellion  
  65  5:50  Hellion, SCV  
  65  5:57  Marine  
  65  5:58  SCV  
  65  6:02  Starport Reactor  
  65  6:03  SCV  
  68  6:10  SCV  
  69  6:14  Command Center  
  69  6:22  SCV  
  69  6:23  Barracks, SCV  
  69  6:24  Factory Tech Lab  
  69  6:25  Barracks, Marine  
  71  6:30  Hellion x6  
  67  6:34  SCV  
  67  6:36  SCV, Engineering Bay  
  67  6:37  Engineering Bay  
  69  6:43  Marine  
  69  6:46  Siege Tank, SCV  
  69  6:47  Starport Reactor  
  70  6:48  SCV  
  70  6:49  Refinery  
  65  6:58  Refinery, SCV  
  65  7:00  SCV  
  65  7:01  Marine  
  58  7:10  Combat Shield, SCV  
  58  7:11  Marine x2  
  58  7:15  Missile Turret  
  61  7:16  Barracks  
  61  7:17  Missile Turret  
  61  7:18  Missile Turret  
  61  7:19  Barracks, Marine  
  61  7:20  SCV, Missile Turret  
  61  7:22  Marine x2  
  61  7:28  Marine x2  
  64  7:31  Orbital Command  
  64  7:35  Siege Tank  
  64  7:37  Marine, SCV x2  
  67  7:40  Marine  
  71  7:47  Marine  
  71  7:48  Marine x2  
  63  7:54  Marine  
  63  7:58  Marine  
  52  8:03  SCV x2  
  52  8:05  Marine x3  
  50  8:06  Marine  
  50  8:12  Marine  
  42  8:15  Marine  
  42  8:16  Marine  
  42  8:17  SCV  
  40  8:22  SCV  
  40  8:23  Marine x3  
  40  8:26  Marine  
  38  8:29  SCV  
  38  8:30  Marine  
  38  8:33  Marine x2  
  41  8:40  Marine  
  40  8:42  Marine x2  
  40  8:46  SCV  
  39  8:54  Marine x3  
  39  8:58  SCV  
  39  9:00  SCV  
  38  9:03  Marine x2  
  38  9:09  Marine  
  40  9:10  Marine  
  40  9:12  Marine  
  40  9:13  SCV x2  
  40  9:16  Marine  
  46  9:21  Missile Turret  
  46  9:22  SCV  
  47  9:24  Marine x2  
  47  9:27  SCV  
  47  9:29  Marine  
  51  9:32  Marine x2  
  51  9:35  Marine x2  
  51  9:37  SCV x2  
  57  9:42  Marine  
  62  9:47  SCV  
  62  9:48  Marine  
  62  9:49  Marine  
  65  9:55  Supply Depot  
  65  9:57  Supply Depot  
  65  10:00  SCV  
Tags
 
Add a new tag
Caveats
  • Supply blocks, unpowered buildings, or Contaminate may cause inaccurate times.
  • Supply counts are checked every 10 seconds.